 Dungeon Crawl Stone Soup version 0.29-a0-555-g3b24f45cc1 (webtiles) character file.

Game seed: 9556829599046707208

186 Hubjo the Insei (level 5, -5/41 HPs)
             Began as a Demonspawn Transmuter on June 7, 2022.
             Was a Believer of Ru.
             Killed from afar by an electric eel (11 damage)
             ... with a bolt of electricity
             ... on level 3 of the Dungeon.
             The game lasted 00:04:08 (4122 turns).

Hubjo the Insei (Demonspawn Transmuter)             Turns: 4122, Time: 00:04:09

Health: -5/41      AC:  9    Str: 16    XL:     5   Next: 38%
Magic:  9/9        EV: 12    Int: 14    God:    Ru [**....]
Gold:   229        SH:  0    Dex: 16    Spells: 4/9 levels left

rFire   . . .      SeeInvis .     - Unarmed
rCold   . . .      Faith    +   (shield unavailable)
rNeg    . . .      Spirit   .   q - +1 leather armour of Lesser Demons {Str+6}
rPois   +          Reflect  .   r - +2 helmet
rElec   .          Harm     .   (no cloak)
rCorr   .          Rampage  .   (no gloves)
Will    .....                   (no boots)
Stlth   ++........              e - amulet of faith
HPRegen 0.13/turn               (ring unavailable)
MPRegen 0.11/turn               l - ring of poison resistance

@: no status effects
A: molten scales 1, missing a hand, weakness stinger 1
a: Renounce Religion


You were on level 3 of the Dungeon.
You worshipped Ru.
Ru was pleased with you.
You visited 1 branch of the dungeon, and saw 3 of its levels.

You collected 229 gold pieces.

Inventory:

Missiles
 k - a throwing net
Armour
 a - a +0 robe
 q - the +1 leather armour of Lesser Demons (worn) {Str+6}
   (You found it on level 3 of the Dungeon)

   Str:       It affects your strength (+6).
 r - a +2 helmet (worn)
Jewellery
 e - an amulet of faith (around neck)
 l - a ring of poison resistance (right hand)
 n - a ring of see invisible
 s - a +6 ring of dexterity
Wands
 u - a wand of flame (11)
Scrolls
 c - a scroll of enchant weapon {unknown}
 f - a scroll of magic mapping
 g - a scroll of summoning {unknown}
 h - a scroll of vulnerability {unknown}
 j - a scroll of fear {unknown}
Potions
 b - 2 potions of lignification
 d - a potion of invisibility {unknown}
 i - a potion of flight {unknown}
 m - 2 potions of berserk rage {unknown}
 o - a potion of magic {unknown}
 p - a potion of degeneration {unknown}
 t - a potion of curing {unknown}


   Skills:
 + Level 3.1 Fighting
 - Level 1.7 Dodging
 + Level 1.8 Stealth
 + Level 3.3 Unarmed Combat
 + Level 2.7 Spellcasting
 * Level 2.6 Transmutations
 + Level 0.0 Ice Magic


You had 4 spell levels left.
You knew the following spells:

 Your Spells              Type           Power      Damage    Failure   Level
a - Beastly Appendage     Tmut           18%        N/A       9%          1
b - Ice Form              Ice/Tmut       5%         N/A       83%         4

Your spell library contained the following spells:

 Spells                   Type           Power      Damage    Failure   Level
 Wereblood                Tmut           9%         N/A       14%         2
 Shock                    Conj/Air       4%         1d3       26%         1
 Sublimation of Blood     Necr           1%         N/A       38%         2
 Spider Form              Tmut/Pois      5%         N/A       43%         3
 Swiftness                Air            1%         N/A       63%         3
 Airstrike                Air            0%         N/A       95%         4
 Summon Hydra             Summ           0%         N/A       100%        7


Dungeon Overview and Level Annotations

Branches:
Dungeon (3/15)

Altars:
Cheibriados
Ru

Shops:
D:3 [

Annotations:
D:3 1 transporter


Innate Abilities, Weirdness & Mutations

You are partially covered in molten scales. (AC +2)
You are missing a hand.
You have a small tail.


Message History

Key pressed, stopping explore.
There is an open door here.
You open the door.
There is an open door here.
Partly explored, unvisited transporter.
Partly explored, unvisited transporter.
Partly explored, unvisited transporter.
Partly explored, unvisited transporter.
Partly explored, unvisited transporter.
Partly explored, unvisited transporter.
Partly explored, unvisited transporter.
Partly explored, unvisited transporter.
Partly explored, unvisited transporter.
There is a stone staircase leading up here.
There is a transporter landing site here.
You can't go down here!
There is a transporter here.
You enter the transporter and appear at another place.
u - a wand of flame (11)
You open the door.
The electric eel begins to attack, but is stunned by your conviction!
There is an open door here.
The electric eel shoots out a bolt of lightning at you!
The bolt of electricity hits you!
The electric eel shoots out a bolt of lightning at you!
The bolt of electricity misses you.
The electric eel shoots out a bolt of lightning at you!
The bolt of electricity hits you!
The electric eel shoots out a bolt of lightning at you!
The bolt of electricity hits you!
The electric eel shoots out a bolt of lightning at you!
The bolt of electricity hits the electric eel.
The electric eel completely resists.
The bolt of electricity misses you.
The electric eel shoots out a bolt of lightning at you!
The bolt of electricity misses the electric eel.
The bolt of electricity hits you!
* * * LOW HITPOINT WARNING * * *
The electric eel shoots out a bolt of lightning at you!
The bolt of electricity hits you!
You die...

.# #.# #># #...##.###.###.####
.# #.# #.# #...##.............
.#
#.####.#####..............####
.###...............#####.###.#
....)....................###.#
########..#..................##
##.##.###############...#
#.....#8P#≈≈≈S≈S≈#P8#.#.#
#.....#..#@......#..#...#
#....©#©$+...♣...'.©#©..#
#).#..#..#.......#..#..##
#..##.#8P#≈≈≈≈≈≈≈#P8#.##
#..##.###############.#
######..##.................#
#.......###.###.############
#.####.####.###.# #.#
#..........#


You could see 2 electric eels.

Vanquished Creatures
  Jessica (D:2)
  Natasha (twice) (D:2)
  4 gnolls (D:2)
  An adder (D:2)
  3 bats
  6 endoplasms
  A giant cockroach (D:1)
  2 goblins
  5 hobgoblins
  4 jackals
  3 quokkas
  3 ball pythons
  A frilled lizard (D:3)
  5 kobolds
  3 rats
44 creatures vanquished.

Vanquished Creatures (others)
  Natasha (D:2)
1 creature vanquished.

Grand Total: 45 creatures vanquished

Notes
Turn   | Place    | Note
-------+----------+-------------------------------------------
     0 | D:1      | Hubjo the Demonspawn Transmuter began the quest for the
                  | Orb.
     0 | D:1      | Reached XP level 1. HP: 15/15 MP: 3/3
   679 | D:1      | Gained mutation: You have a small tail. [demonic ancestry]
   679 | D:1      | Reached XP level 2. HP: 21/21 MP: 3/5
  1172 | D:1      | Found a faded altar of an unknown god.
  1184 | D:1      | Prayed at the altar of an unknown god.
  1184 | D:1      | Became a worshipper of Ru the Awakened
  1209 | D:1      | Gained mutation: You are missing a hand. [Ru sacrifice]
  1209 | D:1      | Reached * piety under Ru
  1209 | D:1      | Reached ** piety under Ru
  2046 | D:2      | Noticed Jessica
  2055 | D:2      | Killed Jessica
  2056 | D:2      | Reached skill level 1 in Stealth
  2056 | D:2      | Reached XP level 3. HP: 21/27 MP: 4/6
  2192 | D:2      | Reached XP level 4. HP: 18/34 MP: 5/7
  2472 | D:2      | Noticed Natasha
  2484 | D:2      | Killed Natasha
  2931 | D:2      | Noticed Natasha
  2937 | D:2      | Killed Natasha
  2938 | D:2      | Gained mutation: You are partially covered in molten
                  | scales. (AC +2) [demonic ancestry]
  2938 | D:2      | Reached XP level 5. HP: 29/40 MP: 5/9
  2981 | D:2      | Noticed Natasha
  2992 | D:2      | Killed Natasha
  3146 | D:2      | Learned a level 4 spell: Ice Form
  3198 | D:3      | Found a snail-covered altar of Cheibriados.
  3262 | D:3      | Identified the +1 leather armour of Lesser Demons {Str+6}
  3341 | D:3      | Found a transporter.
  3810 | D:3      | Found Afoth's Armour Boutique.
  3924 | D:3      | Found a transporter.
  4122 | D:3      | Killed from afar by an electric eel

Illustrated notes

Levels and vault maps discovered:
D:1:      erik_arrival_triangle_small, layout_loops_corners,
          chequers_ecumenical_altar_simple_redux
D:2:      layout_loops_corners, uniq_natasha, uniq_jessica
D:3:      gammafunk_steamed_eel, layout_loops_ring,
          mainiacjoe_overflow_24_doors, serial_shops, shop

Skill      XL: |  1  2  3  4  5 |
---------------+----------------+-----
Transmutations | 2 |  2.6
Fighting       | 2 3 |  3.1
Stealth        | 1 |  1.8
Unarmed Combat | 3 |  3.3
Dodging        | |  1.7
Spellcasting   | |  2.7

Action                   |  1- 3 |  4- 6 || total
-------------------------+-------+-------++-------
Melee: Unarmed           |    78 |    72 ||   150
       Headbutt          |     7 |     7 ||    14
       Kick              |    16 |    10 ||    26
       Punch             |     2 |       ||     2
       Tailslap          |     5 |     9 ||    14
 Cast: Beastly Appendage |    19 |    13 ||    32
Invok: Sacrifice a Hand  |     1 |       ||     1
  Use: Potion            |       |     1 ||     1
       Scroll            |       |     1 ||     1
 Stab: Sleeping          |     3 |     2 ||     5
       Distracted        |     1 |       ||     1
Armor: Robe              |    10 |     4 ||    14
       Leather armour    |       |     6 ||     6
Dodge: Dodged            |    37 |    42 ||    79

Table legend: (Time is in decaauts)
 A = Elapsed time spent in this place.
 B = Non-inter-level travel time spent in this place.
 C = Inter-level travel time spent in this place.
 D = Time resting spent in this place.
 E = Time spent auto-exploring this place.
 F = Levels seen in this place.
 G = Mean time per level.
                   A        B        C        D        E       F      G
               +--------+--------+--------+--------+--------+-----+--------+
         Total |   4113 |   3994 |    119 |    100 |   3478 |   3 | 1371.0 |
       Dungeon |   4113 |   3994 |    119 |    100 |   3478 |   3 | 1371.0 |
               +--------+--------+--------+--------+--------+-----+--------+

Top non-repeatable levels by time:
     D:2: 1717 daAuts
     D:1: 1439 daAuts
     D:3: 956 daAuts
